 Dungeon Crawl Stone Soup version 0.28.0-45-g0d030f2227 (webtiles) character file.

Game seed: 13735335604481292885

175 Descartes the Chopper (level 5, -2/38 HPs)
             Began as a Formicid Warper on Apr 9, 2022.
             Killed from afar by Natasha (3 damage)
             ... with a magic dart
             ... on level 3 of the Dungeon.
             The game lasted 00:04:10 (4395 turns).

Descartes the Chopper (Formicid Warper)             Turns: 4395, Time: 00:04:11

Health: -2/38      AC:  5    Str: 17    XL:     5   Next: 85%
Magic:  8/8        EV: 11    Int: 13    God:
Gold:   124        SH:  0    Dex: 10    Spells: 8/8 levels left

rFire   . . .      SeeInvis +   a - +0 hand axe
rCold   . . .      Faith    .   (no shield)
rNeg    . . .      Spirit   .   e - +0 ring mail
rPois   .          Reflect  .   (helmet unavailable)
rElec   .          Harm     .   (no cloak)
rCorr   .          Rampage  .   (no gloves)
Will    .....                   (no boots)
Stlth   ..........              (no amulet)
HPRegen 0.12/turn               j - ring of wizardry
MPRegen 0.11/turn               (no ring)

@: no status effects
A: permanent stasis, dig shafts and tunnels, antennae 3, four strong arms
a: Dig, Shaft Self


You were on level 3 of the Dungeon.
You visited 1 branch of the dungeon, and saw 4 of its levels.

You collected 124 gold pieces.

Inventory:

Hand Weapons
 a - a +0 hand axe (weapon)
Missiles
 c - 5 boomerangs of dispersal (quivered)
 d - 101 stones
Armour
 b - a +0 leather armour
 e - a +0 ring mail (worn)
Magical Staves
 h - a staff of earth
Jewellery
 j - a ring of wizardry (left hand)
Wands
 r - a wand of flame (18)
Scrolls
 k - a scroll of fog {unknown}
 l - 2 scrolls of identify {unknown}
 o - 2 scrolls of immolation {unknown}
 p - a scroll of noise {unknown}
Potions
 f - a potion of degeneration {unknown}
 g - a potion of invisibility {unknown}
 i - 4 potions of might {unknown}
 m - a potion of flight {unknown}
 n - a potion of haste {unknown}
 q - a potion of heal wounds {unknown}


   Skills:
 - Level 2.1 Fighting
 + Level 5.6 Axes
 - Level 1.0 Throwing
 - Level 1.1 Armour
 - Level 1.7 Dodging
 - Level 2.1 Spellcasting
 - Level 2.6 Translocations


You had 8 spell levels left.
You didn't know any spells.
Your spell library contained the following spells:

 Spells                   Type           Power      Damage    Failure   Level
 Gell's Gravitas          Tloc           8%         N/A       19%         3
 Lesser Beckoning         Tloc           8%         N/A       19%         3
 Teleport Other           Tloc           8%         N/A       19%         3
 Ensorcelled Hibernation  Hex/Ice        2%         N/A       26%         2
 Passwall                 Tmut/Erth      0%         N/A       26%         2
 Manifold Assault         Tloc           8%         N/A       83%         5
 Blink                    Tloc           Unusable   N/A       N/A         2
 Swiftness                Air            Unusable   N/A       N/A         3

Dungeon Overview and Level Annotations

Branches:
Dungeon (4/15)
 Temple: D:4-7

Altars:
Trog
Yredelemnul

Shops:
D:1 *?**

Annotations:
D:3 Natasha


Innate Abilities, Weirdness & Mutations

You cannot be hasted, slowed, berserked, paralysed or teleported.
You can dig through walls and to a lower floor.
You have a pair of large antennae on your head. (SInv)
Your four strong arms can wield two-handed weapons with a shield.


Message History

You kill Natasha!
Natasha screams in pain as she dies!
The iron imp disappears in a puff of smoke!
You see here the felid corpse of Natasha.
Natasha, Servant of Life and Death comes into view.
She is carrying a wand of flame (10).
Natasha hisses angrily.
Natasha zaps a wand.
The puff of flame hits you!
You are too injured to fight recklessly!
You are too injured to fight recklessly!
You are too injured to fight recklessly!
You are too injured to fight recklessly!
You are too injured to fight recklessly!
You are too injured to fight recklessly!
You are too injured to fight recklessly!
You are too injured to fight recklessly!
You are too injured to fight recklessly!
You are too injured to fight recklessly!
You are too injured to fight recklessly!
You are too injured to fight recklessly!
You are too injured to fight recklessly!
You are too injured to fight recklessly!
You are too injured to fight recklessly!
You are too injured to fight recklessly!
Natasha casts a spell.
You hit the crimson imp.
The crimson imp is lightly wounded.
Natasha wildly gestures.
Natasha's front paws start to glow.
You closely miss the crimson imp.
The crimson imp is lightly wounded.
You closely miss Natasha.
The crimson imp blinks!
Natasha zaps a wand.
The puff of flame hits you!
* * * LOW HITPOINT WARNING * * *
Natasha barely misses you. The crimson imp hits you.
* * * LOW HITPOINT WARNING * * *
You hit the crimson imp but do no damage.
You hit Natasha. Natasha casts a spell at you. The magic dart hits you.
You die...

#........# #...#.....#.#...
#..<.....# ##..#..)..#.####
#........# #..#.....#..†..
#........# ##.#.....#.....
###...##########
#)#.....###### #...#####....#
#.......#
#...##.......###....#########
#....'.........#....####.....
#...##.....5@...†#...........
#...##......h....#..####.....
###.##...###.......>.........
#.##...# #....####.##.....#
#.###### #......<#.##.....#
#.# #.....#.#.##...### #.#
######>....###.##...... #.#
#...##.........##...### #.#
#...####'#...#........#


You could see Natasha and a crimson imp (summoned).

Vanquished Creatures
  An iguana (D:4)
  Natasha (twice) (D:3)
  3 gnolls (D:3)
  2 adders (D:2)
  An orc (D:4)
  4 endoplasms
  5 giant cockroaches
  7 hobgoblins
  A kobold (D:3)
  A quokka (D:1)
  10 ball pythons
  5 bats
  2 frilled lizards
  3 goblins
  5 rats
52 creatures vanquished.

Vanquished Creatures (others)
  A wizard (D:3)
1 creature vanquished.

Grand Total: 53 creatures vanquished

Notes
Turn   | Place    | Note
-------+----------+-------------------------------------------
     0 | D:1      | Descartes the Formicid Warper began the quest for the Orb.
     0 | D:1      | Reached XP level 1. HP: 16/16 MP: 3/3
   325 | D:1      | Reached XP level 2. HP: 10/22 MP: 5/5
   503 | D:1      | Found Bomihe's Assorted Antiques.
   613 | D:1      | Found Latzif's General Store.
   635 | D:1      | Found Meotzaph's Magic Scroll Emporium.
   819 | D:1      | Reached skill level 3 in Axes
  1065 | D:1      | Found Deewomeu's General Store.
  1207 | D:1      | Reached XP level 3. HP: 27/27 MP: 6/6
  2249 | D:2      | Reached skill level 4 in Axes
  2249 | D:2      | Reached XP level 4. HP: 33/33 MP: 7/7
  2542 | D:3      | Found a faded altar of an unknown god.
  2598 | D:3      | Found a bloodstained altar of Trog.
  2615 | D:3      | Noticed a wizard
  2621 | D:3      | Killed a wizard
  2718 | D:3      | HP: 1/33 [gnoll/+0 spear (2)]
  3436 | D:3      | Noticed Natasha
  3439 | D:3      | Found a basalt altar of Yredelemnul.
  3455 | D:3      | Killed Natasha
  3456 | D:3      | Reached skill level 5 in Axes
  3456 | D:3      | Reached XP level 5. HP: 7/38 MP: 8/8
  4342 | D:3      | Noticed Natasha
  4350 | D:3      | Killed Natasha
  4388 | D:3      | Noticed Natasha
  4394 | D:3      | HP: 1/38 [crimson imp[Natasha] (4)]
  4395 | D:3      | Killed from afar by Natasha

Illustrated notes

Levels and vault maps discovered:
D:1:      lightli_arrival_flooded_house, layout_loops_corners, serial_shops,
          shop, nicolae_shop_overgrown_old_shop, shop, shop_statue,
          columned_hall_lemuel
D:2:      layout_loops_ring, minivault_11, minmay_box_of_dots
D:3:      layout_basic, trog_wizard, lemuel_coloured_pillars_altar,
          basic_ecumenical_altar, uniq_natasha
D:4:      layout_basic, overflow_temple_1_default, kennysheep_mini,
          nicolae_elevator_lobby_plus

Skill      XL: |  1  2  3  4 |
---------------+-------------+-----
Axes           | 3 4 5 |  5.6
Fighting       | |  2.1
Throwing       | |  1.0
Armour         | |  1.1
Dodging        | |  1.7
Spellcasting   | |  2.1
Translocations | |  2.6

Action                   |  1- 3 |  4- 6 || total
-------------------------+-------+-------++-------
Melee: Hand axe          |   130 |   124 ||   254
       Punch             |       |     1 ||     1
Armor: Leather armour    |     4 |       ||     4
       Ring mail         |    41 |    31 ||    72
Dodge: Dodged            |    88 |    67 ||   155
